 Dungeon Crawl Stone Soup version 0.23.2-1-ga50397a (webtiles) character file.

Game seed: 7178909577633614450

94 dengdeng the Chopper (level 4, -2/41 HPs)
             Began as a Minotaur Berserker on May 22, 2019.
             Was a Believer of Trog.
             Slain by a gnoll
             ... wielding a +0 spear
              (8 damage)
             ... on level 2 of the Dungeon on May 23, 2019.
             The game lasted 00:04:47 (1671 turns).

dengdeng the Chopper (Minotaur Berserker)           Turns: 1671, Time: 00:04:47

Health: -2/41      AC:  2    Str: 23    XL:     4   Next: 38%
Magic:  3/3        EV: 12    Int:  4    God:    Trog [**....]
Gold:   112        SH:  0    Dex:  9    Spells: 3/3 levels left

rFire    . . .     SeeInvis .   a - +0 hand axe
rCold    . . .     Gourm    .   (no shield)
rNeg     . . .     Faith    .   b - +0 animal skin
rPois    .         Spirit   .   (helmet restricted)
rElec    .         Reflect  .   (no cloak)
rCorr    .         Harm     .   (no gloves)
MR       .....                  (no boots)
Stlth    +.........             (no amulet)
HPRegen  0.13/turn              (no ring)
MPRegen  0.08/turn              (no ring)

@: lethally poisoned (-2 -> -5)
A: retaliatory headbutt, horns 2
a: Berserk, Trog's Hand, Renounce Religion


You were on level 2 of the Dungeon.
You worshipped Trog.
Trog was pleased with you.
You were not hungry.

You visited 1 branch of the dungeon, and saw 2 of its levels.

You collected 112 gold pieces.

Inventory:

Hand Weapons
 a - a +0 hand axe (weapon)
Missiles
 k - 20 stones (quivered)
Armour
 b - a +0 animal skin (worn)
Jewellery
 l - an uncursed ring of resist corrosion {unknown}
Scrolls
 d - 2 scrolls of teleportation {unknown}
 f - a scroll of magic mapping {unknown}
 g - 2 scrolls of remove curse {unknown}
 i - a scroll of identify {unknown}
 m - a scroll of random uselessness {unknown}
Potions
 e - a potion of brilliance {unknown}
 h - a potion of heal wounds {unknown}
 j - a potion of curing {unknown}
 n - a potion of mutation {unknown}
Comestibles
 c - 2 rations


   Skills:
 + Level 4.5 Fighting
 + Level 4.7 Axes
 * Level 3.2 Armour
 + Level 2.9 Dodging


You had 3 spell levels left.
You didn't know any spells.
Your spell library was empty.

Dungeon Overview and Level Annotations

Branches:
Dungeon (2/15)

Altars:
Sif Muna


Innate Abilities, Weirdness & Mutations

You reflexively headbutt those who attack you in melee.
You have a pair of horns on your head.


Message History

You hit the gnoll but do no damage.
The gnoll is almost dead.
You feel sick. The gnoll barely misses you. You furiously retaliate!
You headbutt the gnoll.
You kill the gnoll!
Trog accepts your kill.
The gnoll hits you from afar with a +0 spear.
Things that are here:
a +0 halberd; a gnoll corpse You feel sick.
The gnoll hits you with a +0 spear.
* * * LOW HITPOINT WARNING * * *
The gnoll closely misses you.
You hit the gnoll. Your headbutt misses the gnoll.
The gnoll is moderately wounded.
You feel sick. The gnoll hits you with a +0 spear.
* * * LOW HITPOINT WARNING * * *
You hit the gnoll.
The gnoll is severely wounded.
The gnoll hits you with a +0 spear!
You die...

#.....#.#### ...
###.###.#........
#.# .#...
#.###..#.. 8
#.%)...... .8.
#..)......
.88.##.).......
88.............
...###g@......# .
#...######.#
#...### . ...##
.#


You could see a gnoll.

Vanquished Creatures
  Robin (D:2)
  2 gnolls (D:2)
  An adder (D:2)
  4 dart slugs
  A leopard gecko (D:1)
  3 giant cockroaches (D:1)
  11 goblins
  3 hobgoblins (D:1)
  4 jackals (D:1)
  A ball python (D:2)
  2 bats (D:1)
  5 frilled lizards
  3 kobolds
  5 rats (D:1)
46 creatures vanquished.

Notes
Turn   | Place    | Note
-------+----------+-------------------------------------------
     0 | D:1      | dengdeng the Minotaur Berserker began the quest for the
                  | Orb.
     0 | D:1      | Reached XP level 1. HP: 19/19 MP: 0/0
   169 | D:1      | Reached XP level 2. HP: 27/27 MP: 1/1
   476 | D:1      | Reached XP level 3. HP: 17/33 MP: 2/2
  1332 | D:2      | Noticed Robin
  1336 | D:2      | Reached ** piety under Trog
  1344 | D:2      | Killed Robin
  1344 | D:2      | Reached XP level 4. HP: 13/41 MP: 3/3
  1601 | D:2      | Found a deep blue altar of Sif Muna.
  1671 | D:2      | Slain by a gnoll

Skill      XL: |  1  2  3 |
---------------+----------+-----
Fighting       | 4 |  4.5
Axes           | 4 |  4.7
Armour         | 3 |  3.2
Dodging        | |  2.9

Action                   |  1- 3 |  4- 6 || total
-------------------------+-------+-------++-------
Melee: Hand axe          |    86 |    13 ||    99
       Headbutt          |    11 |     1 ||    12
Invok: Berserk           |     1 |       ||     1
  Eat: Chunk             |     1 |     2 ||     3
Armor: Animal skin       |    17 |       ||    17
Dodge: Dodged            |    51 |    11 ||    62
